 Dungeon Crawl Stone Soup version 0.29-a0-1033-gb6c65ffae6 (webtiles) character file.

Game seed: 1024667995189929080

10067 xian the Severer (level 11, 0/99 HPs)
             Began as a Hill Orc Berserker on Aug 14, 2022.
             Was an Elder of Trog.
             Slain by an orc warrior
             ... wielding a +0 glaive
              (11 damage)
             ... on level 2 of the Orcish Mines on Aug 15, 2022.
             The game lasted 00:33:28 (9681 turns).

xian the Severer (Hill Orc Berserker)               Turns: 9681, Time: 00:33:29

Health: 0/99       AC: 15    Str: 25    XL:     11   Next: 56%
Magic:  11/11      EV: 12    Int:  7    God:    Trog [****..]
Gold:   836        SH:  0    Dex: 10    Spells: 10/10 levels left

rFire   . . .      SeeInvis +   d - +8 frozen axe "Frostbite" {freezing cloud, *Noise Fly rC+}
rCold   + . .      Faith    .   (shield currently unavailable)
rNeg    + . .      Spirit   .   t - +3 ring mail {rPois}
rPois   +          Reflect  .   h - +1 helmet
rElec   .          Harm     .   b - +0 cloak
rCorr   .          Rampage  .   C - +0 pair of gloves
Will    ++...                   p - +0 pair of boots
Stlth   +.........              (no amulet)
HPRegen 1.26/turn               l - ring of positive energy
MPRegen 0.12/turn               q - ring of see invisible

@: weakened, strong-willed, flying, regenerating
A: no striking features
a: Renounce Religion, Convert to Beogh, Berserk, Trog's Hand, Brothers in Arms


You were on level 2 of the Orcish Mines.
You worshipped Trog.
Trog was greatly pleased with you.
You visited 2 branches of the dungeon, and saw 11 of its levels.

You collected 836 gold pieces.

Inventory:

Hand Weapons
 d - the +8 frozen axe "Frostbite" (weapon) {freezing cloud, *Noise Fly rC+}
   (You acquired it on level 7 of the Dungeon)

   It freezes those it strikes, dealing additional cold damage.
   It can also slow down cold-blooded creatures.
   It occasionally leaves clouds of freezing vapour upon striking a foe.
   It grants immunity to clouds of freezing vapour.
   rC:        It protects you from cold.
   Fly:       It grants you flight.
   *Noise:    It may make noises in combat.
 i - a +3 arbalest
 L - a +9 war axe of draining
 M - the +5 scythe "Finisher" {speed, eviscerate}
   (You found it on level 7 of the Dungeon)

   Attacks with this weapon are significantly faster.
   It may eviscerate those it strikes, slaying them instantly, with a decreasing
   chance against stronger foes.
Missiles
 u - 25 poisoned darts (quivered)
 K - a throwing net
Armour
 b - a +0 cloak (worn)
 h - a +1 helmet (worn)
 p - a +0 pair of boots (worn)
 t - a +3 ring mail of poison resistance (worn)
 x - a +1 plate armour of willpower
 C - a +0 pair of gloves (worn)
Jewellery
 l - a ring of positive energy (left hand)
 q - a ring of see invisible (right hand)
 F - a ring of resist corrosion
Wands
 a - a wand of charming (5)
 v - a wand of flame (18)
 D - a wand of quicksilver (7)
 N - a wand of polymorph (11)
Scrolls
 c - 5 scrolls of teleportation
 f - 2 scrolls of butterflies
 m - a scroll of immolation
 o - a scroll of torment
 A - 4 scrolls of magic mapping
 I - 2 scrolls of enchant weapon
Potions
 e - 2 potions of resistance {unknown}
 g - 2 potions of mutation {unknown}
 j - 3 potions of haste
 k - 2 potions of might {unknown}
 n - 2 potions of curing {unknown}
 s - a potion of ambrosia {unknown}
 w - 2 potions of berserk rage {unknown}
 z - a potion of heal wounds


   Skills:
 + Level 10.1 Fighting
 + Level 17.1 Axes
 + Level 0.3 Throwing
 + Level 6.8 Armour
 + Level 5.5 Dodging
 + Level 2.6 Stealth


You had 10 spell levels left.
You didn't know any spells.
Your spell library contained the following spells:

 Spells                   Type           Power      Damage    Failure   Level
 Magic Dart               Conj           0%         1d3       56%         1
 Ensorcelled Hibernation  Hex/Ice        0%         N/A       71%         2
 Searing Ray              Conj           0%         2d4       71%         2
 Ozocubu's Armour         Ice            0%         N/A       90%         3
 Spider Form              Tmut/Pois      0%         N/A       90%         3
 Anguish                  Hex/Necr       0%         N/A       100%        4
 Fulminant Prism          Conj/Hex       0%         3d6       100%        4
 Blade Hands              Tmut           0%         N/A       100%        5
 Irradiate                Conj/Tmut      0%         3d11      100%        5
 Dragon Form              Tmut           0%         N/A       100%        7
 Ozocubu's Refrigeration  Ice            0%         4d7       100%        7


Dungeon Overview and Level Annotations

Branches:
Dungeon (9/15)             Temple (0/1) D:4             Orc (2/2) D:9
   Lair: D:8-11         Elf: Orc:2

Altars:
Cheibriados
Nemelex Xobeh
Okawaru
The Shining One

Annotations:
D:9 1 runed translucent door


Message History

The warg attacks as you move away! The warg bites you!
An orc comes into view. It is wielding a +0 short sword.
The gnoll barely misses you.
The orc warrior throws a boomerang.
The boomerang hits you but does no damage.
The gnoll closely misses you.
You feel less confused.
The orc shouts!
The warg barely misses you. The orc hits you but does no damage.
The orc warrior misses you. The gnoll attacks as you move away!
The gnoll hits you with a +0 flail.
An orc priest comes into view. It is wielding a +0 club.
The warg stops to sniff the ground.
The warg closely misses you.
The orc warrior hits you but does no damage.
The warg attacks as you move away! The warg misses you.
The gnoll attacks as you move away! The gnoll hits you but does no damage.
The gnoll attacks as you move away! The gnoll hits you but does no damage.
The gnoll is no longer moving quickly. x2
The orc warrior hits you from afar with a +0 glaive!!
The orc hits you but does no damage. The warg attacks as you move away!
The warg barely misses you.
The gnoll is no longer moving quickly.
The orc warrior shoots a bolt.
The bolt barely misses you. The orc barely misses you.
The orc warrior hits you from afar with a +0 glaive!
The orc priest calls down the wrath of Beogh upon you.
Beogh smites you!
* * * LOW HITPOINT WARNING * * *
You hear a shout!
Okay, then.
Your skin crawls.
You feel strong-willed. The warg bites you but does no damage.
The gnoll closely misses you.
The orc warrior shoots a bolt.
The bolt hits you!
* * * LOW HITPOINT WARNING * * *
A gnoll comes into view. It is wielding a +0 whip.
The warg bites you but does no damage.
The gnoll bouda gazes fiercely through you!
You feel your attacks grow feeble.
The orc warrior hits you from afar with a +0 glaive!
You die...

## #######################
$.##.##.....#.$.....#....#...
.....)...$...................
.....)).<$......................
...$)).)...........$............
....)............gg..............
...)))..........@hoo.............
..))).....<.....ooogo............
..)))..o........Coo.g............
......).........o.g..o...........
.....................#o..........
.......................g.........
.................................
.................................
..#..............................


You could see a cyclops, a warg, 4 orc warriors, a gnoll bouda, 2 orc priests,
an orc wizard (invisible), 5 gnolls and 4 orcs.

Vanquished Creatures
  A two-headed ogre (Orc:1)
  2 orc high priests (Orc:1)
  A skeletal warrior (D:7)
  An orc sorcerer (Orc:1)
  A cyclops (Orc:1)
  A troll (Orc:1)
  Grinder (D:3)
  Sigmund (D:3)
  A shadow (D:9)
  4 wraiths (D:7)
  A wyvern (D:9)
  A warg (Orc:1)
  An acid dragon (D:9)
  A water moccasin (D:5)
  19 orc warriors
  An ice beast (D:5)
  8 ogres
  A kobold brigand (D:8)
  2 bullfrogs
  A necrophage (D:5)
  4 scorpions
  10 wights
  6 howler monkeys
  3 hounds (D:6)
  A jelly (D:5)
  A gnoll bouda (D:4)
  12 orc priests
  21 orc wizards
  Ijyb (D:3)
  Terence (D:2)
  An iguana (D:5)
  Natasha (D:3)
  Robin (D:2)
  7 adders
  8 gnolls
  2 white imps
  An ufetubus (D:5)
  A dart slug (D:1)
  50 orcs
  4 endoplasms
  A giant cockroach (D:1)
  15 goblins
  5 hobgoblins
  11 jackals
  A quokka (D:4)
  3 ball pythons
  3 bats
  5 frilled lizards
  10 kobolds
  4 rats (D:1)
  A spectral goblin (D:3)
245 creatures vanquished.

Vanquished Creatures (collateral kills)
  An orc warrior (Orc:1)
  2 orcs (Orc:1)
3 creatures vanquished.

Vanquished Creatures (others)
  A goblin (D:2)
1 creature vanquished.

Grand Total: 249 creatures vanquished

Notes
Turn   | Place    | Note
-------+----------+-------------------------------------------
     0 | D:1      | xian the Hill Orc Berserker began the quest for the Orb.
     0 | D:1      | Reached XP level 1. HP: 19/19 MP: 1/1
   176 | D:1      | Reached XP level 2. HP: 27/27 MP: 2/2
   600 | D:1      | Reached XP level 3. HP: 33/33 MP: 3/3
  1047 | D:2      | Reached skill level 5 in Axes
  1245 | D:2      | Noticed Terence
  1278 | D:2      | Killed Terence
  1279 | D:2      | Reached XP level 4. HP: 7/41 MP: 4/4
  1679 | D:2      | Reached ** piety under Trog
  1680 | D:2      | Noticed Robin
  1693 | D:2      | Killed Robin
  2178 | D:3      | Found a faded altar of an unknown god.
  2182 | D:3      | Noticed Natasha
  2191 | D:3      | Killed Natasha
  2192 | D:3      | Reached skill level 1 in Stealth
  2192 | D:3      | Reached XP level 5. HP: 30/47 MP: 5/5
  2325 | D:3      | Noticed Grinder
  2335 | D:3      | Killed Grinder
  2336 | D:3      | Reached skill level 5 in Fighting
  2336 | D:3      | Reached skill level 6 in Axes
  2336 | D:3      | Reached XP level 6. HP: 56/56 MP: 6/6
  2432 | D:3      | Noticed Sigmund
  2441 | D:3      | Killed Sigmund
  2442 | D:3      | Reached skill level 7 in Axes
  2442 | D:3      | Reached XP level 7. HP: 61/61 MP: 7/7
  2478 | D:3      | Found a snail-covered altar of Cheibriados.
  2665 | D:3      | Noticed Ijyb
  2678 | D:3      | Killed Ijyb
  2917 | D:4      | Found a staircase to the Ecumenical Temple.
  3330 | D:4      | Found a sparkling altar of Nemelex Xobeh.
  3397 | D:4      | Reached skill level 8 in Axes
  3624 | D:5      | Entered Level 5 of the Dungeon
  3646 | D:5      | Reached XP level 8. HP: 70/70 MP: 8/8
  3725 | D:5      | Reached skill level 9 in Axes
  4250 | D:6      | Reached skill level 10 in Axes
  4379 | D:6      | Found an iron altar of Okawaru.
  4535 | D:6      | Reached XP level 9. HP: 74/78 MP: 9/9
  4588 | D:6      | Reached skill level 11 in Axes
  5253 | D:7      | Reached skill level 5 in Armour
  5305 | D:7      | Found a glowing golden altar of the Shining One.
  5428 | D:7      | Reached skill level 12 in Axes
  5475 | D:7      | Noticed a skeletal warrior
  5492 | D:7      | Killed a skeletal warrior
  5500 | D:7      | Reached XP level 10. HP: 50/89 MP: 10/10
  5501 | D:7      | Reached skill level 13 in Axes
  5655 | D:7      | Reached *** piety under Trog
  5781 | D:7      | Found the +5 scythe "Finisher" {speed, eviscerate}
  5898 | D:7      | Identified a scroll of acquirement
  5910 | D:7      | Acquired the +8 frozen axe "Frostbite" {freezing cloud,
                  | *Noise Fly rC+}
  5910 | D:7      | Found the +8 frozen axe "Frostbite" {freezing cloud, *Noise
                  | Fly rC+}
  6239 | D:7      | Reached skill level 5 in Dodging
  7361 | D:9      | Reached skill level 14 in Axes
  7901 | D:9      | Reached **** piety under Trog
  7915 | D:9      | Found a staircase to the Orcish Mines.
  8339 | D:9      | Noticed a boulder beetle
  8339 | D:9      | Noticed a cyclops
  8339 | D:9      | Noticed a harpy
  8340 | D:9      | Found a runed translucent door.
  8342 | D:9      | Noticed a manticore
  8342 | D:9      | Identified the +2 quarterstaff "Ezxoipes" {vorpal, rC+
                  | Will+ MP+9}
  8342 | D:9      | Noticed a necromancer
  8342 | D:9      | Identified the ring of the Flying Scavenger {rF+ Will-
                  | rCorr Str+2 Stlth+}
  8342 | D:9      | Noticed a tengu warrior
  8342 | D:9      | Noticed a boulder beetle
  8578 | Orc:1    | Entered Level 1 of the Orcish Mines
  8822 | Orc:1    | Noticed a cyclops
  8823 | Orc:1    | Noticed a two-headed ogre
  8827 | Orc:1    | Killed a two-headed ogre
  8828 | Orc:1    | Reached skill level 15 in Axes
  8835 | Orc:1    | Killed a cyclops
  8836 | Orc:1    | Reached XP level 11. HP: 61/97 MP: 11/11
  9258 | Orc:2    | Entered Level 2 of the Orcish Mines
  9281 | Orc:2    | Reached skill level 16 in Axes
  9288 | Orc:2    | HP: 1/99 [orc warrior/+0 glaive (9)]
  9301 | Orc:1    | Noticed an orc high priest
  9302 | Orc:1    | Noticed an orc sorcerer
  9307 | Orc:1    | Killed an orc high priest
  9312 | Orc:1    | Killed an orc sorcerer
  9313 | Orc:1    | Reached skill level 10 in Fighting
  9314 | Orc:1    | Noticed an orc high priest
  9321 | Orc:1    | Noticed a soul eater
  9325 | Orc:1    | Killed an orc high priest
  9326 | Orc:1    | Reached skill level 17 in Axes
  9673 | Orc:2    | Noticed a cyclops
  9681 | Orc:2    | Slain by an orc warrior

Illustrated notes

Levels and vault maps discovered:
D:1:      sevenhm_arrival_forest_fort_small_6, layout_basic
D:2:      layout_loops_cross, uniq_robin, uniq_terence
D:3:      layout_loops_ring, overflow_temple_1_default,
          dreamdust_ecumenical_altar_drowned_temple, uniq_sigmund, uniq_natasha,
          uniq_grinder, uniq_ijyb
D:4:      layout_cave_pools, nemelex_diamond_rough_becter,
          minmay_temple_entry_grid
D:5:      layout_gridville
D:6:      layout_basic, okawaru_trees_1, st_stairs_5
D:7:      layout_cave_pools, mainiacjoe_overflow_24_doors,
          minmay_guarded_unrand_finisher
D:8:      layout_loops_corners
D:9:      minmay_gate_of_8, layout_basic, david_orc_4
Orc:1:    layout_diamond_mine, nicolae_orc_pool_cavern
Orc:2:    st_orc_mages, layout_caves, lightli_orcish_oven, uniq_erolcha

Skill      XL: |  1  2  3  4  5  6  7  8  9 10 11 |
---------------+----------------------------------+-----
Fighting       | 4 5 6 8 9 10 | 10.1
Axes           | 5 6 7 8 10 12 15 17 | 17.1
Dodging        | 2 3 4 5 |  5.5
Stealth        | 1 2 |  2.6
Armour         | 3 4 5 6 |  6.8
Throwing       | |  0.3

Action                   |  1- 3 |  4- 6 |  7- 9 | 10-12 || total
-------------------------+-------+-------+-------+-------++-------
Melee: Hand axe          |    94 |    64 |    42 |       ||   200
       Punch             |     1 |     1 |     7 |       ||     9
       War axe           |       |       |   229 |    10 ||   239
       Executioner's axe |       |       |       |   125 ||   125
Throw: Dart              |       |     1 |       |       ||     1
Invok: Berserk           |     2 |     2 |    10 |     8 ||    22
       Trog's Hand       |       |     1 |     4 |     5 ||    10
       Brothers in Arms  |       |       |       |     1 ||     1
  Use: Scroll            |       |     1 |       |    23 ||    24
       Potion            |       |       |       |     4 ||     4
 Stab: Distracted        |       |       |       |     1 ||     1
Armor: Animal skin       |    26 |       |       |       ||    26
       Ring mail         |       |    28 |   123 |    66 ||   217
Dodge: Dodged            |    66 |    43 |   164 |    95 ||   368

Table legend: (Time is in decaauts)
 A = Elapsed time spent in this place.
 B = Non-inter-level travel time spent in this place.
 C = Inter-level travel time spent in this place.
 D = Time resting spent in this place.
 E = Time spent auto-exploring this place.
 F = Levels seen in this place.
 G = Mean time per level.
                   A        B        C        D        E       F      G
               +--------+--------+--------+--------+--------+-----+--------+
         Total |   9878 |   9654 |    224 |     45 |   7384 |  11 |  898.0 |
       Dungeon |   8751 |   8560 |    191 |     45 |   6553 |   9 |  972.3 |
  Orcish Mines |   1127 |   1094 |     33 |      0 |    830 |   2 |  563.5 |
               +--------+--------+--------+--------+--------+-----+--------+

Top non-repeatable levels by time:
     D:9: 1377 daAuts
     D:7: 1115 daAuts
     D:2: 1101 daAuts
   Orc:1: 1073 daAuts
     D:6: 1021 daAuts
     D:1: 980 daAuts
     D:8: 898 daAuts
     D:3: 857 daAuts
     D:4: 779 daAuts
     D:5: 619 daAuts
   Orc:2: 53 daAuts
